t, neutral male human Tourist ------- --- `..|...| ....|* --.......-------...........| ---...-|- ................*.........-|- --.%....)| ---)..........<).........*.|. |(......-- -..........).))..[%.I......|. |.-..---- ...|..^..@...............-- |-..-- --------.........).[......---.------- --..-- |.%-...-....[.........---................-- ------------... ....--- -----------...--- ---- - ---...- ---- --...---...- ---........ |....... --..- ---..------...- ..-........... ----------- t the Excursionist Experience level: 9 Strength: 11 Dexterity: 14 Constitution: 17 Intelligence: 14 Wisdom: 11 Charisma: 15 Health: 0(81) Energy: 37(37) Def: 12 Gold: 73 Moves: 11799 Dungeon seed: oHmeKqPIiCNx68AA Game ID: t_1530885364 Your Inventory: Coins $ - 73 gold pieces Weapons a - 3 +0 elven daggers o - a +0 elven dagger L - the +0 Sting (weapon in hand) U - a poisoned +0 dart V - 15 +0 daggers (in quiver) X - 14 +0 darts Z - a +0 elven dagger Armor e - an uncursed +0 Hawaiian shirt (being worn) s - an uncursed +0 elven cloak (being worn) v - an uncursed +0 pair of leather gloves (being worn) y - an uncursed +0 pair of iron shoes (being worn) B - an uncursed +0 dwarvish mithril-coat (being worn) N - an uncursed +0 dwarvish iron helm (being worn) Comestibles S - an uncursed food ration Scrolls j - an uncursed scroll of blank paper k - 4 uncursed scrolls of blank paper w - an uncursed scroll of blank paper G - an uncursed scroll of blank paper W - an uncursed scroll of blank paper Rings g - an uncursed ring of free action u - an uncursed ring of conflict I - an uncursed ring of protection from shape changers Wands p - a wand of magic missile (0:0) T - a wand of cancellation (0:4) Tools l - an expensive camera (0:68) m - an uncursed credit card q - an uncursed towel x - a blessed bag of holding J - an uncursed stethoscope P - an uncursed skeleton key Gems n - an uncursed ruby r - an uncursed worthless piece of red glass Contents of the bag of holding: 181 gold pieces 5 blessed +1 daggers 21 +2 darts 7 blessed +1 darts 19 +0 darts an uncursed scroll of enchant weapon a blessed scroll of light a cursed potion of blindness an uncursed potion of booze an uncursed potion of full healing 3 potions of holy water 2 uncursed potions of water a magic marker (0:67) a magic marker (0:41) a magic marker (0:30) 2 uncursed amethyst stones 2 uncursed diamonds 2 uncursed emeralds an uncursed worthless piece of blue glass 2 uncursed worthless pieces of green glass an uncursed worthless piece of red glass 4 uncursed worthless pieces of violet glass 2 uncursed worthless pieces of white glass Spells and supernatural/magical abilities: Name Level Category Fail Memory W - pray for help -- divine ? -- Your skills at the end: Fighting Skills Weapon Skills dagger [Expert] dart [Basic] Spellcasting Skills Final Attributes: You were piously aligned. You were fire resistant. You were cold resistant. You were telepathic. You were aware of the presence of orcs. You were stealthy. You are dead. Vanquished creatures: 3 large mimics a baby purple worm 5 small mimics a quantum mechanic a sasquatch a pyrolisk a freezing sphere a tiger a gargoyle 3 elf mummies a leather golem a Grey-elf an orc-captain an iron piercer 3 giant spiders a scorpion an ice vortex a black light a vampire bat a forest centaur 2 gnome kings 2 yetis 3 Green-elves a chickatrice 2 jaguars a dwarf lord an ape 2 human zombies a soldier ant a bugbear an imp a wood nymph 8 Uruk-hai an orc shaman a fog cloud a yellow light 2 shriekers 17 gnome lords 9 gnomish wizards 2 red naga hatchlings 3 gray oozes a barrow wight a giant ant a little dog 2 floating eyes 19 dwarves a kobold shaman 2 hill orcs a rabid rat 2 giant bats 2 dwarf zombies 2 werejackals 3 iguanas an acid blob 4 coyotes a gas spore 8 hobbits 2 large kobolds 2 hobgoblins 11 cave spiders a brown mold 3 yellow molds a green mold 65 gnomes 4 geckos 8 jackals a fox 2 kobolds 6 goblins 8 sewer rats 12 grid bugs 10 bats 7 lichens 3 kobold zombies 5 newts 294 creatures vanquished. Voluntary challenges: You had been an atheist until turn 2078. You used a wielded weapon 361 times, starting on turn 833. You read items or engraved 8 times, starting on turn 4070. You never genocided any monsters. You never polymorphed an object. You never changed form. You used no wishes. You never split a pudding. You wrote Elbereth's name 5 times, starting on turn 5622. You violated your moral code, losing 3 points of alignment, starting on turn 2454. Dungeon overview: The Dungeons of Doom: levels 1 to 4 Level 1 a long staircase Level 2 a potion shop, a fountain Level 3 a hardware shop, an altar to The Lady Level 4 stairs to The Gnomish Mines The Gnomish Mines: levels 5 to 13 Level 5 stairs to The Dungeons of Doom Level 6 Level 7 some shops, a temple to Offler, some fountains Level 8 Level 9 Level 10 Level 11 Level 12 Level 13 <- You were here History has recorded: On T:1 you entered the Dungeons of Doom to retrieve the Amulet of Yendor! On T:376 you reached level 2 of The Dungeons of Doom. On T:845 you advanced to experience level 2. On T:1393 you advanced to experience level 3. On T:1513 you reached level 3 of The Dungeons of Doom. On T:2828 you reached level 4 of The Dungeons of Doom. On T:3121 you reached level 1 of The Gnomish Mines. On T:3189 you advanced to experience level 4. On T:3615 you reached level 2 of The Gnomish Mines. On T:3719 you advanced to experience level 5. On T:3867 you reached level 3 of The Gnomish Mines. On T:4164 you advanced to experience level 6. On T:5446 you advanced to experience level 7. On T:5605 you reached level 4 of The Gnomish Mines. On T:5828 you reached level 5 of The Gnomish Mines. On T:6290 you reached level 6 of The Gnomish Mines. On T:6581 you advanced to experience level 8. On T:7824 you reached level 7 of The Gnomish Mines. On T:8771 you reached level 8 of The Gnomish Mines. On T:8954 you reached level 9 of The Gnomish Mines. On T:10090 you advanced to experience level 9. Score breakdown: Gold: 0 ( 0 points) Experience: 9 levels (15756 points) Exploration: 13 levels ( 25.49%) (14696 points) Discoveries: 17 items ( 5.70%) ( 7165 points) Valuables value: (no points given unless you survive) Artifact value: 800 ( 9877 points) Variety of kills: 75 monsters ( 19.69%) (13310 points) Turncount: 11799 turns (-2623 points) Survival: died (score multiplied by 80%) Total score: 46544 Latest messages: The food ration misses the pony. The pony kicks! The pony misses. The pony kicks! The pony bites! The pony kicks! The pony misses. V - a dagger (in quiver). You take off your topaz ring. You hear a nearby zap. There are a few objects here. S - a food ration. You hear a nearby zap. The wand misses you. The giant zombie hits! (2x) You hear a nearby zap. The wand hits you! You hear the howling of the CwnAnnwn... You hear a nearby zap. The wand misses it. The wand hits you! You die... Final status: Aloha t the Tourist, killed by a wand... You died in The Gnomish Mines on dungeon level 13 with 46544 points, and 254 pieces of gold, after 11799 moves. You were level 9 with a maximum of 81 hit points when you died.